Map: Kairos Junction LE

Players

Lambo - Winner!

  • Race: Zerg Zerg
  • League: Grandmaster
  • Spawn Location: 11:00

soul

  • Race: Terran Terran
  • League: Grandmaster
  • Spawn Location: 5:00

VOD

Have the link to the VOD?

Description

Time

  • Played on: Dec. 20, 2018, noon
  • Length: 8:41
Show
View Real Time Build Order
Export as new Build Order

Lambo Zerg - Winner!

Build Orders: Hatch First 

Get SALT Encoding   

  12  0:00  Drone  
  13  0:13  Overlord  
  13  0:17  Drone  
  14  0:31  Drone x2  
  16  0:48  Hatchery  
  15  0:52  Drone  
  15  0:55  Drone  
  17  0:58  Drone  
  18  1:09  Extractor  
  17  1:13  Spawning Pool  
  17  1:17  Drone  
  17  1:21  Drone  
  18  1:29  Drone  
  19  1:40  Drone  
  20  1:51  Overlord  
  20  2:00  Queen x2  
  24  2:02  Zergling x4  
  26  2:10  Metabolic Boost  
  26  2:11  Drone  
  26  2:12  Drone  
  28  2:24  Drone x2  
  29  2:39  Hatchery  
  29  2:41  Drone  
  29  2:46  Pneumatized Carapace  
  29  2:50  Drone  
  30  2:52  Drone  
  30  2:55  Overlord  
  31  2:59  Drone  
  31  3:01  Drone  
  31  3:05  Drone  
  34  3:09  Drone  
  35  3:14  Drone x2  
  35  3:15  Drone x2  
  39  3:21  Overlord  
  39  3:24  Queen  
  39  3:26  Drone  
  42  3:34  Drone  
  43  3:37  Overlord  
  43  3:39  Queen  
  45  3:46  Zergling x8  
  49  3:49  Overlord  
  49  3:52  Drone  
  50  3:57  Queen  
  50  3:58  Overlord  
  50  4:00  Drone  
  53  4:03  Queen, Drone  
  53  4:09  Drone x2  
  58  4:14  Drone  
  58  4:17  Spore Crawler  
  58  4:19  Drone  
  58  4:20  Drone  
  58  4:21  Lair  
  58  4:22  Overlord  
  58  4:23  Drone  
  58  4:24  Drone  
  62  4:27  Overlord  
  62  4:29  Drone  
  63  4:35  Roach Warren  
  63  4:36  Drone x3  
  65  4:40  Extractor  
  65  4:42  Queen, Extractor  
  65  4:45  Overlord  
  65  4:46  Drone  
  65  4:47  Drone  
  65  4:49  Drone  
  65  4:52  Drone  
  69  4:54  Evolution Chamber  
  69  4:55  Drone x2  
  70  5:00  Drone  
  70  5:02  Spore Crawler, Drone  
  70  5:03  Spore Crawler  
  70  5:06  Spore Crawler x2  
  69  5:07  Drone  
  69  5:09  Overlord  
  69  5:11  Drone  
  69  5:12  Drone  
  72  5:14  Drone  
  72  5:16  Drone  
  72  5:18  Drone  
  72  5:21  Overlord  
  72  5:34  Queen x2  
  72  5:39  Drone x3  
  72  5:40  Overlord x2, Drone  
  72  5:42  Glial Reconstitution  
  76  5:46  Overlord  
  76  5:49  Drone x3  
  79  5:51  Extractor, Drone  
  79  5:55  Drone x2  
  83  6:04  Roach x5  
  83  6:10  Roach x4  
  99  6:17  Queen  
  101  6:21  Overlord  
  101  6:22  Roach  
  103  6:28  Overlord  
  103  6:31  Roach x4  
  103  6:32  Ravager x3  
  114  6:34  Roach  
  114  6:35  Zergling x2  
  114  6:39  Roach  
  121  6:40  Roach  
  121  6:43  Ravager  
  121  6:44  Overlord, Zergling x2  
  121  6:45  Zergling x4  
  125  6:50  Spore Crawler  
  125  6:51  Zergling x8  
  125  6:52  Ravager  
  129  6:57  Spore Crawler, Zergling x2  
  129  6:58  Zergling x2  
  129  7:00  Ravager  
  128  7:03  Zergling x2  
  128  7:05  Zergling x2  
  124  7:11  Zergling x8  
  120  7:29  Zergling x2  
  122  7:30  Zergling x8  
  122  7:34  Zergling x2  
  111  7:45  Zergling x8  
  108  7:53  Queen x2  
  108  7:55  Drone x2  
  108  7:57  Spire  
  103  7:59  Roach  
  103  8:08  Roach x3  
  103  8:10  Extractor x2  
  109  8:13  Roach  
  111  8:21  Roach x2, Zergling x2  
  115  8:28  Spore Crawler  
Show
View Real Time Build Order
Export as new Build Order

soul Terran 

Build Orders: Gas First Reaper Expand 

Get SALT Encoding   

  12  0:00  SCV  
  13  0:12  SCV  
  14  0:16  Supply Depot  
  14  0:25  SCV  
  15  0:28  Refinery  
  15  0:38  SCV  
  16  0:44  Barracks  
  16  0:50  SCV  
  17  1:02  SCV  
  18  1:15  SCV  
  19  1:32  Reaper, Orbital Command  
  20  1:42  Command Center  
  20  1:53  Factory  
  20  1:59  SCV  
  21  2:04  Supply Depot  
  21  2:07  Barracks Reactor  
  21  2:11  SCV  
  21  2:14  Refinery  
  22  2:23  SCV  
  23  2:35  SCV  
  24  2:41  Starport  
  24  2:48  SCV  
  24  2:50  Hellion x2  
  29  2:53  Orbital Command  
  29  3:00  Marine, SCV  
  31  3:11  Hellion  
  31  3:12  SCV  
  34  3:20  Fusion Core, SCV  
  34  3:24  SCV, Hellion  
  38  3:32  SCV  
  39  3:35  Marine  
  39  3:36  SCV  
  39  3:37  Starport Tech Lab  
  41  3:44  SCV, Supply Depot  
  41  3:47  Hellion  
  44  3:49  SCV  
  45  3:56  SCV  
  46  4:05  SCV  
  46  4:06  Supply Depot  
  49  4:11  Battlecruiser  
  49  4:12  SCV  
  54  4:18  Refinery  
  54  4:20  Refinery  
  54  4:28  SCV x2, Hellion  
  54  4:30  Supply Depot  
  58  4:40  Command Center, SCV x2  
  60  4:52  SCV x2  
  62  4:59  Factory x2  
  62  5:02  Barracks Tech Lab  
  62  5:04  SCV x2  
  65  5:21  Supply Depot  
  65  5:22  Supply Depot, Battlecruiser  
  70  5:41  Weapon Refit  
  70  5:43  SCV x2  
  70  5:44  Factory Tech Lab  
  72  5:53  Orbital Command  
  72  5:55  SCV x2  
  74  5:57  Armory x2  
  74  5:58  Hellion x2  
  74  6:01  Cyclone  
  81  6:07  SCV x2  
  81  6:10  Cyclone  
  86  6:19  SCV x2  
  86  6:24  Mag-Field Accelerator  
  88  6:31  SCV x2  
  90  6:35  Refinery  
  90  6:36  Refinery  
  90  6:37  Cyclone  
  93  6:40  Supply Depot  
  93  6:43  SCV x2, Cyclone  
  98  6:49  Supply Depot  
  98  6:50  Supply Depot  
  98  6:53  Hellion  
  100  6:54  Orbital Command  
  100  6:56  SCV  
  101  7:02  SCV, Hellion  
  101  7:08  SCV  
  99  7:13  Cyclone  
  99  7:14  SCV  
  97  7:16  Hellion  
  97  7:20  SCV  
  97  7:22  SCV  
  91  7:26  SCV  
  91  7:29  Cyclone  
  72  7:32  SCV  
  72  7:34  SCV  
  74  7:38  SCV  
  62  7:45  SCV, Cyclone  
  62  7:48  SCV  
  57  7:53  SCV  
  43  8:04  SCV  
  36  8:09  SCV  
  17  8:17  SCV  
Tags
 
Add a new tag
Caveats
  • Supply blocks, unpowered buildings, or Contaminate may cause inaccurate times.
  • Supply counts are checked every 10 seconds.